 Dungeon Crawl Stone Soup version 0.28.0-43-g3370ac3207 (webtiles) character file.

Game seed: 6118056702678192846

10959 protoss039 the Eclecticist (level 11, -6/60 HPs)
             Began as a Deep Elf Earth Elementalist on Mar 6, 2022.
             Was a Follower of Sif Muna.
             Mangled by an orc knight
             ... wielding a +0 war axe
              (20 damage)
             ... on level 10 of the Dungeon.
             The game lasted 00:41:18 (15514 turns).

protoss039 the Eclecticist (DEEE)                  Turns: 15514, Time: 00:41:21

Health: -6/60      AC:  6    Str:  5    XL:     11   Next: 43%
Magic:  9/34       EV: 12    Int: 25    God:    Sif Muna [*.....]
Gold:   1166       SH:  0    Dex: 15    Spells: 26/44 levels left

rFire   . . .      SeeInvis .   b - +5 halberd of Fear {flame, rN+}
rCold   . . .      Faith    .   (shield currently unavailable)
rNeg    + . .      Spirit   .   q - +0 steam dragon scales
rPois   .          Reflect  .   (no helmet)
rElec   .          Harm     .   (no cloak)
rCorr   .          Rampage  .   m - +0 pair of gloves
Will    +....                   (no boots)
Stlth   ++........              (no amulet)
HPRegen 0.20/turn               (no ring)
MPRegen 0.24/turn               (no ring)

@: no status effects
A: no striking features
a: Renounce Religion, Channel Magic


You were on level 10 of the Dungeon.
You worshipped Sif Muna.
Sif Muna was aware of your devotion.
You visited 2 branches of the dungeon, and saw 11 of its levels.
You also visited: Bailey.

You collected 1417 gold pieces.
You spent 251 gold pieces at shops.

Inventory:

Hand Weapons
 b - the +5 halberd of Fear (weapon) {flame, rN+}
   (You bought it in a shop on level 5 of the Dungeon)

   It burns those it strikes, dealing additional fire damage.
   Big, fiery blades are also staple armaments of hydra-hunters.
   rN:        It protects you from negative energy.
Missiles
 c - 116 stones
 o - 3 throwing nets
Armour
 m - a +0 pair of gloves (worn)
 n - a +1 robe of cold resistance
 q - +0 steam dragon scales (worn)
 t - a +2 robe of willpower
Wands
 g - a wand of paralysis (5)
Scrolls
 a - 4 scrolls of immolation
 d - a scroll of enchant armour {unknown}
 e - 6 scrolls of teleportation
 f - a scroll of summoning
 i - a scroll of identify
 j - a scroll of fog {unknown}
 k - 2 scrolls of brand weapon
 r - a scroll of fear {unknown}
 s - a scroll of blinking
 u - a scroll of noise {unknown}
Potions
 h - a potion of heal wounds {unknown}
 l - 9 potions of ambrosia


   Skills:
 * Level 3.3 Fighting
 - Level 1.0 Polearms
 - Level 2.4 Dodging
 - Level 2.4 Stealth
 + Level 17.1 Spellcasting
 + Level 5.5 Conjurations
 - Level 4.0 Necromancy
 - Level 2.0 Translocations
 - Level 2.0 Transmutations
 * Level 9.7 Earth Magic
 - Level 4.0 Poison Magic
 * Level 2.0 Invocations


You had 26 spell levels left.
You knew the following spells:

 Your Spells              Type           Power      Damage    Failure   Level
a - Sandblast             Erth           100%       2d20      1%          1
b - Passwall              Tmut/Erth      41%        N/A       1%          2
c - Stone Arrow           Conj/Erth      100%       3d13      1%          3
d - Petrify               Tmut/Erth      50%        N/A       2%          4
e - Blink                 Tloc           62%        N/A       1%          2
f - Sublimation of Blood  Necr           41%        N/A       1%          2
g - Olgreb's Toxic Radia  Pois           41%        N/A       4%          4

Your spell library contained the following spells:

 Spells                   Type           Power      Damage    Failure   Level
 Sting                    Tmut/Pois      100%       1d8       1%          1
 Poisonous Vapours        Pois/Air       62%        N/A       1%          2
 Wereblood                Tmut           31%        N/A       1%          2
 Scorch                   Fire           42%        2d7       3%          2
 Gell's Gravitas          Tloc           31%        N/A       3%          3
 Teleport Other           Tloc           31%        N/A       3%          3
 Frozen Ramparts          Ice            42%        1d6       7%          3
 Ozocubu's Armour         Ice            21%        N/A       7%          3
 Flame Wave               Conj/Fire      35%        2d8       8%          4
 Passage of Golubria      Tloc           31%        N/A       11%         4
 Ice Form                 Ice/Tmut       26%        N/A       16%         4
 Summon Ice Beast         Ice/Summ       21%        N/A       24%         4
 Manifold Assault         Tloc           31%        N/A       28%         5
 Silence                  Hex/Air        10%        N/A       54%         5
 Dispersal                Tloc           15%        N/A       85%         6
 Summon Cactus Giant      Summ           10%        N/A       98%         6
 Ozocubu's Refrigeration  Ice            10%        4d7       100%        7
 Storm Form               Tmut/Air       13%        N/A       100%        7
 Summon Hydra             Summ           10%        N/A       100%        7
 Lehudib's Crystal Spear  Conj/Erth      28%        10d7      100%        8


Dungeon Overview and Level Annotations

Branches:
Dungeon (10/15)            Temple (1/1) D:5            Lair (0/6) D:8
 Bailey (visited)
    Orc: D:9-12

Altars:
Ashenzari
Cheibriados
Dithmenos
Gozag
Hepliaklqana
Kikubaaqudgha
Makhleb
Nemelex Xobeh
Okawaru
Qazlal
Ru
Sif Muna
Trog
Uskayaw
Vehumet
Wu Jian
Xom
Yredelemnul
The Shining One

Shops:
D:2 (   D:5 (*   D:7 [   D:8 *

Annotations:
D:7 3 exclusions
D:9 exclusion: boulder beetle


Message History

Casting: Stone Arrow (safe; 1% risk of failure)
Confirm with . or Enter, or press ? or * to list all spells.
Aiming: Stone Arrow (safe; 1% risk of failure)
Press: ? - help, Shift-Dir - straight line, f/p - orc knight
Aim: an orc knight, wielding a +0 war axe and wearing a +0 plate armour (moderately wounded, 78% to hit)
The stone arrow hits the orc knight!
The orc knight is heavily wounded.
Casting: Stone Arrow (safe; 1% risk of failure)
Confirm with . or Enter, or press ? or * to list all spells.
Aiming: Petrify (dangerous; 2% risk of failure)
Press: ? - help, Shift-Dir - straight line, f/p - orc knight
Aim: an orc knight, wielding a +0 war axe and wearing a +0 plate armour (heavily wounded, chance to affect: 54%)
The orc knight resists with significant effort.
The orc knight hits you with a +0 war axe!
Unknown command.
Casting: Petrify (dangerous; 2% risk of failure)
Confirm with . or Enter, or press ? or * to list all spells.
Aiming: Petrify (dangerous; 2% risk of failure)
Press: ? - help, Shift-Dir - straight line, f/p - orc knight
Aim: an orc knight, wielding a +0 war axe and wearing a +0 plate armour (heavily wounded, chance to affect: 54%)
The orc knight resists with significant effort.
The orc knight hits you with a +0 war axe!
Unknown command.
Casting: Petrify (dangerous; 2% risk of failure)
Confirm with . or Enter, or press ? or * to list all spells.
Aiming: Petrify (dangerous; 2% risk of failure)
Press: ? - help, Shift-Dir - straight line, f/p - orc knight
Aim: an orc knight, wielding a +0 war axe and wearing a +0 plate armour (heavily wounded, chance to affect: 54%)
The orc knight resists with significant effort.
The orc knight hits you with a +0 war axe!!
* * * LOW HITPOINT WARNING * * *
Unknown command.
Casting: Petrify (dangerous; 2% risk of failure)
Confirm with . or Enter, or press ? or * to list all spells.
Aiming: Petrify (dangerous; 2% risk of failure)
Press: ? - help, Shift-Dir - straight line, f/p - orc knight
Aim: an orc knight, wielding a +0 war axe and wearing a +0 plate armour (moderately wounded, chance to affect: 54%)
The orc knight resists with significant effort.
The orc knight hits you with a +0 war axe!!
You die...

#.. #.####).......#...
#..######.# #..≈≈≈≈≈.#...
#.........# ##.)≈..)≈.#... #
#.....##### #.?.≈.∩>≈.#.##
..####..#### #...≈...≈.#>#.
........# #...≈≈≈≈≈...#.
........# ####...........#.
........#######......##.#'##.#.
.............o@.............)#.
#########.#####..............#.
#.# #..............#. ###
#...####.......## #...#
#......... #...# #........#
#...# ########## #####


You could see an orc knight.

Vanquished Creatures
  A hydra (D:10)
  A two-headed ogre (D:9)
  A cyclops (D:8)
  An ugly thing (D:7)
  A queen bee (D:9)
  A troll (D:9)
  A hornet (D:9)
  A wyvern (D:6)
  A yak (D:8)
  Grum (Bailey)
  3 steam dragons
  2 acid dragons
  4 water moccasins
  4 black bears
  3 orc warriors
  2 ice beasts
  5 ogres
  2 necrophages
  7 wolves (Bailey)
  3 centaurs
  A phantom (D:6)
  3 kobold brigands
  6 bullfrogs
  A wyvern zombie (D:5)
  4 scorpions
  8 gnoll sergeants
  29 killer bees
  6 wights
  3 howler monkeys
  A centaur zombie (D:8)
  5 hounds
  A human zombie (D:4)
  4 orc priests
  2 bullfrog skeletons (D:5)
  A jelly (D:5)
  A centaur skeleton (D:5)
  8 gnoll shamans
  4 iguanas
  9 orc wizards
  A scorpion zombie (D:4)
  A hound zombie (D:4)
  A hound skeleton (D:4)
  3 mummies (D:4)
  A howler monkey zombie (D:8)
  A howler monkey skeleton (D:6)
  5 adders
  26 gnolls
  3 white imps
  An ufetubus (D:4)
  An adder skeleton (D:4)
  4 adder zombies (D:4)
  2 worms
  5 dart slugs
  26 orcs
  7 bats
  4 endoplasms
  4 giant cockroaches
  9 hobgoblins
  25 kobolds
  7 quokkas
  8 ball pythons
  5 frilled lizards
  16 goblins
  7 rats
315 creatures vanquished.

Vanquished Creatures (others)
  51 fungi (D:8)
  73 plants
124 creatures vanquished.

Grand Total: 439 creatures vanquished

Notes
Turn   | Place    | Note
-------+----------+-------------------------------------------
     0 | D:1      | protoss039 the Deep Elf Earth Elementalist began the quest
                  | for the Orb.
     0 | D:1      | Reached XP level 1. HP: 10/10 MP: 6/6
   223 | D:1      | Found a faded altar of an unknown god.
   239 | D:1      | Reached XP level 2. HP: 15/15 MP: 8/8
  1011 | D:1      | Learned a level 2 spell: Passwall
  1106 | D:2      | Reached XP level 3. HP: 19/19 MP: 8/10
  1168 | D:2      | Reached skill level 4 in Spellcasting
  1484 | D:2      | Found a sacrificial altar of Ru.
  1652 | D:2      | Found Ugiziuhu's Weapon Boutique.
  2817 | D:3      | Reached XP level 4. HP: 16/24 MP: 7/12
  3168 | D:3      | Reached skill level 5 in Spellcasting
  3259 | D:2      | Learned a level 3 spell: Stone Arrow
  3264 | D:2      | Learned a level 4 spell: Petrify
  3336 | D:3      | Reached skill level 5 in Earth Magic
  3616 | D:3      | Reached XP level 5. HP: 28/28 MP: 10/14
  4411 | D:4      | Reached skill level 1 in Conjurations
  4601 | D:4      | Found a sparkling altar of Nemelex Xobeh.
  4860 | D:4      | Reached skill level 6 in Spellcasting
  4860 | D:4      | Reached XP level 6. HP: 32/32 MP: 1/17
  5642 | D:4      | Found an ancient bone altar of Kikubaaqudgha.
  5753 | D:4      | Reached skill level 7 in Spellcasting
  5753 | D:4      | Reached XP level 7. HP: 36/36 MP: 1/19
  6040 | D:5      | Entered Level 5 of the Dungeon
  6376 | D:5      | Found Takutuni's Antique Weapon Shoppe.
  6464 | D:5      | Noticed a steam dragon
  6473 | D:5      | Killed a steam dragon
  6474 | D:5      | Reached skill level 8 in Spellcasting
  6787 | D:5      | Reached XP level 8. HP: 41/41 MP: 15/22
  6873 | D:5      | Reached skill level 9 in Spellcasting
  6997 | D:5      | Found a basalt altar of Yredelemnul.
  7194 | D:5      | Reached skill level 10 in Spellcasting
  7269 | D:5      | Found a staircase to the Ecumenical Temple.
  7549 | D:5      | Found Anostiuv's General Store.
  7558 | D:5      | Bought a scroll of identify for 26 gold pieces
  7769 | D:5      | Reached skill level 11 in Spellcasting
  7967 | D:5      | Reached skill level 12 in Spellcasting
  7974 | D:5      | Reached XP level 9. HP: 45/45 MP: 7/27
  8170 | Temple   | Entered the Ecumenical Temple
  8335 | D:6      | Reached skill level 13 in Spellcasting
  8821 | D:6      | Reached skill level 14 in Spellcasting
  9232 | D:6      | Found an opulent altar of Gozag.
  9484 | D:6      | Learned a level 2 spell: Blink
  9487 | D:6      | Learned a level 2 spell: Sublimation of Blood
  9525 | D:7      | Reached skill level 1 in Fighting
  9730 | D:7      | Reached skill level 1 in Necromancy
  9747 | D:7      | Reached skill level 1 in Translocations
  9914 | D:7      | Noticed a red ugly thing
 10111 | D:7      | Killed a red ugly thing
 10262 | D:7      | Found Xenloa Kargha's Armour Shoppe.
 10405 | D:7      | Found a sacrificial altar of Ru.
 10700 | D:7      | Reached skill level 15 in Spellcasting
 10794 | D:7      | Identified the +2 leather armour of Makhleb's Inspiration
                  | {+Blink}
 10844 | D:7      | Identified the +5 chain mail of Idealism {rN+ Int+3}
 11030 | D:7      | Learned a level 4 spell: Olgreb's Toxic Radiance
 11031 | D:8      | Found a shimmering altar of Xom.
 11043 | D:7      | Reached XP level 10. HP: 15/53 MP: 13/31
 11408 | D:5      | Bought an ancient halberd for 225 gold pieces
 11408 | D:5      | Identified the +5 halberd of Fear {flame, rN+} (You bought
                  | it in a shop on level 5 of the Dungeon)
 11534 | D:8      | Found Qonuhol's Changing Room.
 11589 | D:8      | Reached skill level 1 in Poison Magic
 12035 | D:8      | Noticed a cyclops
 12097 | D:8      | Killed a cyclops
 12186 | D:8      | Reached skill level 1 in Polearms
 12211 | D:8      | Found a staircase to the Lair.
 12676 | D:9      | Found a broken altar of Ashenzari.
 12698 | D:9      | Reached skill level 16 in Spellcasting
 12905 | D:9      | HP: 2/54 [poisoned by a killer bee]
 13231 | D:9      | Noticed a two-headed ogre
 13254 | D:9      | Killed a two-headed ogre
 13255 | D:9      | Reached skill level 5 in Conjurations
 13255 | D:9      | Reached XP level 11. HP: 49/59 MP: 1/33
 13613 | D:9      | Noticed a boulder beetle
 14356 | D:9      | Noticed a boulder beetle
 14365 | D:8      | Found a snail-covered altar of Cheibriados.
 14365 | D:8      | Found a shimmering blue altar of Sif Muna.
 14370 | D:8      | Became a worshipper of Sif Muna the Loreminder
 14407 | D:10     | Entered Level 10 of the Dungeon
 14517 | D:10     | Found a flagged portal.
 14573 | Bailey   | Entered a bailey
 14790 | Bailey   | Reached * piety under Sif Muna
 14984 | Bailey   | Noticed Grum
 14987 | Bailey   | Reached skill level 1 in Invocations
 14991 | Bailey   | Killed Grum
 15364 | D:10     | Noticed a five-headed hydra
 15374 | D:10     | Killed a five-headed hydra
 15375 | D:10     | Reached skill level 17 in Spellcasting
 15378 | D:10     | Noticed an orc knight
 15514 | D:10     | Mangled by an orc knight

Illustrated notes

Levels and vault maps discovered:
D:1:      eino_arrival_cavern_b, layout_basic, basic_ecumenical_altar
D:2:      layout_basic, basic_altar, serial_shops,
          nicolae_shop_bloodbath_and_beyond, nrook_loot_triangle,
          serial_bayou_lagoon_a, minmay_curled_crystal,
          minmay_goblin_kobold_house
D:3:      layout_rooms, nicolae_grassy_gnolls
D:4:      layout_gridville, mainiacjoe_overflow_brackets,
          lemuel_mausoleum_altar_kikubaaqudgha, st_stairs_10
D:5:      minmay_thinvault, layout_gridville, mainiacjoe_overflow_alcove_4,
          minmay_temple_entry_butterflies, serial_shops, nicolae_lakefront_shop,
          minmay_shop_grid_forest
D:6:      layout_basic, grunt_gozag_statues
D:7:      layout_loops_cross, nicolae_ru_great_annihilating_truth, serial_shops,
          nicolae_shop_window_shopping, eino_tiny_chamber
D:8:      layout_gridville, nicolae_overflow_hidden_temple,
          due_lair_maze_entry_diamond, nicolae_transmutations_shop,
          kennysheep_small_circle
D:9:      layout_roguey [special_room_bee], evilmike_ruin_ashenzari,
          nzn_sisyphean_effort
D:10:     layout_irregular_city, old_standard_altar, lemuel_tele_altar,
          general_overflow_altar, david_orc_5, ebering_ghost_inner_flame,
          enter_bailey_5, laboratory, uniq_maurice
Temple:   compressed_dpeg_circular_temple

Skill      XL: |  1  2  3  4  5  6  7  8  9 10 11 |
---------------+----------------------------------+-----
Earth Magic    | 4 5 6 7 8 9 |  9.7
Spellcasting   | 4 5 6 7 8 12 15 16 17 | 17.1
Conjurations   | 1 2 3 5 |  5.5
Fighting       | 1 2 3 |  3.3
Necromancy     | 2 4 |  4.0
Translocations | 2 |  2.0
Transmutations | 2 |  2.0
Poison Magic   | 3 4 |  4.0
Polearms       | 1 |  1.0
Invocations    | 2 |  2.0
Dodging        | |  2.4
Stealth        | |  2.4

Action                   |  1- 3 |  4- 6 |  7- 9 | 10-12 || total
-------------------------+-------+-------+-------+-------++-------
Melee: Dagger            |    83 |    48 |     2 |       ||   133
       Unarmed           |     1 |       |       |       ||     1
       Punch             |       |     2 |       |       ||     2
       Short sword       |       |       |    16 |       ||    16
       Halberd           |       |       |       |    36 ||    36
 Cast: Sandblast         |    35 |    41 |    19 |    30 ||   125
       Stone Arrow       |       |    52 |   127 |   123 ||   302
       Petrify           |       |       |     4 |     6 ||    10
       Olgreb's Toxic Ra |       |       |       |    14 ||    14
       Passwall          |       |       |       |     1 ||     1
       Blink             |       |       |       |     1 ||     1
  Use: Scroll            |       |       |     7 |     6 ||    13
       Potion            |       |       |     2 |     6 ||     8
 Stab: Sleeping          |     8 |     1 |     2 |       ||    11
Armor: Robe              |    31 |    20 |     8 |    30 ||    89
       Skin              |       |       |     1 |       ||     1
Dodge: Dodged            |    62 |    53 |    27 |    60 ||   202
